 Dungeon Crawl Stone Soup version 0.26.1-16-g4e020e15dc (webtiles) character file.

Game seed: 1532184041612417891

247 Froggeryz the Cutter (level 6, -2/44 HPs)
             Began as an Octopode Berserker on Jan 31, 2024.
             Was a Believer of Trog.
             Slain by an ice beast (11 damage)
             ... on level 4 of the Dungeon.
             The game lasted 00:02:43 (3280 turns).

Froggeryz the Cutter (Octopode Berserker)           Turns: 3280, Time: 00:02:43

Health: -2/44      AC:  1    Str: 18    XL:     6   Next: 11%
Magic:  6/6        EV: 14    Int:  9    God:    Trog [**....]
Gold:   123        SH:  0    Dex: 12    Spells: 5/5 levels left

rFire    . . .     SeeInvis .   a - +1 short sword
rCold    . . .     Faith    .   (no shield)
rNeg     . . .     Spirit   .   (helmet restricted)
rPois    .         Reflect  .   f - amulet of regeneration
rElec    .         Harm     .   (no ring)
rCorr    .         Rampage  .   (no ring)
Will     .....                  (no ring)
Stlth    ++........             (no ring)
HPRegen  0.14/turn              (no ring)
MPRegen  0.10/turn              (no ring)
                                (no ring)
                                (no ring)

@: no status effects
A: almost no armour, stealthy swim, amphibious, 8 rings, constrict 8, camouflage
1, gelatinous body 1
a: Renounce Religion, Berserk, Trog's Hand


You were on level 4 of the Dungeon.
You worshipped Trog.
Trog was pleased with you.
You visited 1 branch of the dungeon, and saw 4 of its levels.

You collected 123 gold pieces.

Inventory:

Hand Weapons
 a - a +1 short sword (weapon)
Missiles
 j - 11 boomerangs
 r - 11 poisoned darts (quivered)
Jewellery
 c - an uncursed amulet of reflection
 f - an amulet of regeneration (around mantle)
Scrolls
 d - 2 scrolls of remove curse
 k - 2 scrolls of teleportation
 o - a scroll of enchant armour
Potions
 b - a potion of lignification {unknown}
 e - a potion of might {unknown}
 h - 4 potions of curing {unknown}
 i - 2 potions of brilliance {unknown}
 l - 2 potions of mutation {unknown}
 p - a potion of heal wounds {unknown}


   Skills:
 + Level 4.4 Fighting
 * Level 5.6 Short Blades
 + Level 3.1 Dodging


You had 5 spell levels left.
You didn't know any spells.
Your spell library was empty.

Dungeon Overview and Level Annotations

Branches:
Dungeon (4/15)
 Temple: D:4-7

Altars:
Elyvilon
Qazlal
Ru
Sif Muna
Yredelemnul


Innate Abilities, Weirdness & Mutations

You cannot wear most types of armour.
You are very stealthy in the water. (Stealth+)
You are amphibious.
You can wear up to eight rings at the same time.
You can use your tentacles to constrict eight enemies at once.
Your skin changes colour to match your surroundings (Stealth+).
Your rubbery body absorbs attacks. (AC +1, EV +1)


Message History

You barely miss the ice beast. Your squeeze misses the ice beast.
The ice beast hits you but does no damage.
You closely miss the ice beast. The ice beast closely misses you.
You barely miss the ice beast. Your squeeze misses the ice beast.
The ice beast hits you. The ice beast freezes you.
You hit the ice beast but do no damage. You squeeze the ice beast.
The ice beast is moderately wounded.
You hit the ice beast but do no damage. Your squeeze misses the ice beast.
The ice beast is moderately wounded.
The ice beast hits you. The ice beast freezes you!
* * * LOW HITPOINT WARNING * * *
You are too injured to fight recklessly!
You are too injured to fight recklessly!
You see here an amulet of regeneration.
Found a stone staircase leading up.
There is a stone staircase leading up here.
The ice beast hits you.
* * * LOW HITPOINT WARNING * * *
The ice beast freezes you!
You die...

******,,,,,,,,,,,,,,,,,,,,,,
*,,,,+,,,,................,,
******,,,,,........#......,,
*,,,,,,................
**+**,,,...............
*,**,,,,...,..........
*,**#+#*#.#*#........#
#.###.###.###.........
#....@Y.......#***#..#
#####.###.###.#####..#
#.................
#.###.###.#####.."
**#.#*#.#*#.#*###..#
*,...,...,........<.
**#.#*#.#########..# #.# #.#
#..# *,* *,* #...


You could see an ice beast.

Vanquished Creatures
  Crazy Yiuf (D:2)
  Jessica (D:2)
  Natasha (thrice) (D:2)
  5 adders
  2 worms (D:2)
  3 dart slugs
  3 leopard geckos
  2 giant cockroaches (D:1)
  6 goblins
  9 hobgoblins
  A ball python (D:2)
  7 bats
  7 frilled lizards
  13 kobolds
  5 rats
68 creatures vanquished.

Vanquished Creatures (others)
  A frilled lizard (D:1)
1 creature vanquished.

Grand Total: 69 creatures vanquished

Notes
Turn   | Place    | Note
-------+----------+-------------------------------------------
     0 | D:1      | Froggeryz the Octopode Berserker began the quest for the
                  | Orb.
     0 | D:1      | Reached XP level 1. HP: 16/16 MP: 1/1
    10 | D:1      | You fall into a shaft and drop 1 floor!
   154 | D:1      | Reached XP level 2. HP: 19/21 MP: 2/2
   495 | D:1      | Reached XP level 3. HP: 26/26 MP: 3/3
   537 | D:1      | Reached ** piety under Trog
   950 | D:1      | Reached skill level 4 in Short Blades
  1407 | D:2      | Noticed Jessica
  1417 | D:2      | Killed Jessica
  1418 | D:2      | Reached XP level 4. HP: 28/33 MP: 4/4
  1559 | D:2      | Noticed Natasha
  1564 | D:2      | Killed Natasha
  1619 | D:2      | Noticed Natasha
  1626 | D:2      | Killed Natasha
  1627 | D:2      | Reached XP level 5. HP: 37/37 MP: 5/5
  1638 | D:2      | Reached skill level 5 in Short Blades
  1696 | D:2      | Found a runed translucent door.
  1697 | D:2      | Noticed Crazy Yiuf
  1704 | D:2      | Killed Crazy Yiuf
  2002 | D:2      | Noticed Natasha
  2009 | D:2      | Killed Natasha
  2488 | D:3      | Reached XP level 6. HP: 44/44 MP: 6/6
  2843 | D:3      | Found a shimmering blue altar of Sif Muna.
  2848 | D:3      | Found a sacrificial altar of Ru.
  2857 | D:3      | Found a basalt altar of Yredelemnul.
  2863 | D:3      | Found a white marble altar of Elyvilon.
  2874 | D:3      | Found a stormy altar of Qazlal.
  3250 | D:4      | Noticed an ice beast
  3280 | D:4      | Slain by an ice beast

Illustrated notes

Levels and vault maps discovered:
D:1:      kennysheep_arrival_forest, layout_basic
D:2:      layout_loops_ring, uniq_natasha, uniq_jessica, uniq_crazy_yiuf_cottage
D:3:      layout_loops_ring, minmay_overflow_temple_star_hex,
          minmay_misc_feat_tiny
D:4:      corexii_shack_village, layout_basic,
          grunt_dithmenos_smoke_and_mirrors, bh_walls_and_bars

Skill      XL: |  1  2  3  4  5 |
---------------+----------------+-----
Short Blades   | 4 5 |  5.6
Fighting       | 4 |  4.4
Dodging        | |  3.1

Action                   |  1- 3 |  4- 6 || total
-------------------------+-------+-------++-------
Melee: Short sword       |    76 |    68 ||   144
       Tentacles         |     9 |    12 ||    21
       Constrict         |    16 |    22 ||    38
Invok: Berserk           |       |     1 ||     1
  Use: Scroll            |     1 |     8 ||     9
 Stab: Sleeping          |     5 |     4 ||     9
Armor: Skin              |     8 |     5 ||    13
Dodge: Dodged            |    30 |    36 ||    66
Block: Other             |     6 |     8 ||    14
